[Event "Titled Tuesday Blitz May 25 2021"]
[White "Wong, Yinn Long"]
[Black "Demin, Vladimir"]
[WhiteFideId "5707684"]
[BlackFideId "4167457"]
[WhiteElo "2016"]
[BlackElo "2578"]
[Result "0-1"]
[Round "07"]
[TimeControl "180+1"]
[Date "2021.05.25"]
[WhiteClock "0:00:06"]
[BlackClock "0:00:19"]

1. d4 Nf6 2. Bf4 d5 3. e3 c5 4. c3 Nc6 5. Nd2 e6 6. Ngf3 Bd6 7. Bg3 O-O 8. Bd3 c4 9. Bc2 b5 10. e4 dxe4 11. Nxe4 Nxe4 12. Bxe4 Bb7 13. Qe2 Re8 14. Ne5 Nxe5 15. dxe5 Bxe4 16. Qxe4 Bc5 17. Rd1 Qb6 18. O-O Rad8 19. Bh4 Rxd1 20. Rxd1 h6 21. Rd2 g5 22. Bg3 Rd8 23. Qe2 Be7 24. Qd1 Rxd2 25. Qxd2 Qd8 26. Qe2 Bc5 27. h4 a5 28. Kh2 Kg7 29. Qg4 Qd2 30. hxg5 Qxg5 31. Qe4 Qh5+ 32. Kg1 Qg6 33. Qf4 Qg5 34. Qf3 b4 35. Bf4 Qg6 36. g3 h5 37. Kg2 Qg4 38. Qxg4+ hxg4 39. Bg5 bxc3 40. bxc3 a4 41. f4 Kg6 42. Bd8 Kf5 43. Ba5 Ke4 44. Bc7 Kd3 45. Ba5 Be3 46. Kf1 Bd2 47. f5 exf5 48. a3 Bxc3 49. Bb6 Bxe5 50. Bf2 c3 51. Kg2 c2 52. Kh2 c1=Q 53. Be3 Qxe3 0-1


[Site "https://www.chess.com"]

[Event "Titled Tuesday Blitz May 25 2021"]
[White "Yoo, Christopher Woojin"]
[Black "Pert, Richard G"]
[WhiteFideId "30909694"]
[BlackFideId "404748"]
[WhiteElo "2009"]
[BlackElo "2441"]
[Result "1-0"]
[Round "07"]
[TimeControl "180+1"]
[Date "2021.05.25"]
[WhiteClock "0:00:55"]
[BlackClock "0:00:01"]

1. e4 c5 2. Nf3 d6 3. d4 cxd4 4. Nxd4 Nf6 5. Nc3 g6 6. Bg5 Bg7 7. Bb5+ Bd7 8. Qe2 Nc6 9. O-O-O O-O 10. Bxc6 bxc6 11. f4 c5 12. Nf3 h6 13. Bxf6 Bxf6 14. e5 Bg7 15. exd6 exd6 16. Rxd6 Bxc3 17. bxc3 Qc8 18. Ne5 Be6 19. Nxg6 fxg6 20. Rxe6 Qc7 21. Rxg6+ Kh7 22. Qe4 Qxf4+ 23. Qxf4 Rxf4 24. Rc6 Rc4 25. Rd1 Rg8 26. Rd7+ Rg7 27. Rxg7+ Kxg7 28. Kb2 a5 29. g3 a4 30. a3 h5 31. h4 Kh7 32. Rd6 Rg4 33. Rd5 Kg6 34. Rxc5 Rxg3 35. Rc4 Rg4 36. Rb4 Kf5 37. Kc1 Rf4 38. Kd2 Rf2+ 39. Kd3 Rf3+ 40. Kc4 Kg4 41. Kb5+ Kg3 42. c4 Rxa3 43. Rxa4 Rc3 44. c5 Rxc2 45. c6 Rb2+ 46. Rb4 Rc2 47. Rc4 Rb2+ 48. Kc5 Rb8 49. c7 Rc8 50. Kd6 Rg8 51. Kd7 Rg7+ 52. Kc6 Rg8 53. Kb7 Rg4 54. c8=Q 1-0


[Site "https://www.chess.com"]

[Event "Titled Tuesday Blitz May 25 2021"]
[White "Zhigalko, Sergei"]
[Black "Dowgird, Filip"]
[WhiteFideId "13502956"]
[BlackFideId "1121235"]
[WhiteElo "2662"]
[BlackElo "2209"]
[Result "1-0"]
[Round "07"]
[TimeControl "180+1"]
[Date "2021.05.25"]
[WhiteClock "0:00:08"]
[BlackClock "0:00:02"]

1. e4 d6 2. d4 Nf6 3. Nc3 c6 4. Nf3 Bg4 5. h3 Bh5 6. Be3 e6 7. Be2 d5 8. Nd2 Bxe2 9. Qxe2 Bb4 10. e5 Nfd7 11. Qg4 Kf8 12. O-O h5 13. Qg3 c5 14. Nf3 cxd4 15. Nxd4 Bxc3 16. bxc3 Nc6 17. c4 Nxd4 18. Bxd4 dxc4 19. Rad1 Qc7 20. Bb2 Rh6 21. Rd6 Kg8 22. Bd4 Nf8 23. Rd1 b6 24. Be3 Rg6 25. Qf3 Rc8 26. Qxh5 Qb7 27. g3 Qe4 28. R6d4 Qxc2 29. Rh4 Rh6 30. Bxh6 Ng6 31. Rhd4 gxh6 32. Qxh6 Rf8 33. Rd8 c3 34. h4 Qxd1+ 35. Rxd1 c2 36. Rc1 Rc8 37. Qg5 Rc5 38. h5 Rxe5 39. Qd8+ 1-0


[Site "https://www.chess.com"]

[Event "Titled Tuesday Blitz May 25 2021"]
[White "Zhukova, Natalia"]
[Black "Nouri, Alekhine"]
[WhiteFideId "14101513"]
[BlackFideId "5216184"]
[WhiteElo "2369"]
[BlackElo "1894"]
[Result "1-0"]
[Round "07"]
[TimeControl "180+1"]
[Date "2021.05.25"]
[WhiteClock "0:00:44"]
[BlackClock "0:02:03"]

1. c4 Nf6 2. Nc3 c5 3. Nf3 Nc6 4. d4 cxd4 5. Nxd4 g6 6. e4 Bg7 7. Be3 O-O 8. Be2 d6 9. O-O Bd7 10. h3 a6 11. Nf3 Rc8 12. Rc1 Qa5 13. a3 Rfd8 14. Nd2 Be6 15. f4 b5 16. cxb5 axb5 17. Bxb5 Na7 18. Be2 d5 19. Nb3 Qc7 20. Nxd5 Nxd5 21. Rxc7 Nxc7 22. Qb1 Bxb3 23. Bxa7 Rd2 24. Bg4 Ra8 25. Bb6 Nb5 26. e5 f6 27. Qe4 f5 28. Qxa8+ 1-0


[Site "https://www.chess.com"]

[Event "Titled Tuesday Blitz May 25 2021"]
[White "Zubov, Alexander"]
[Black "Wagh Suyog"]
[WhiteFideId "14109409"]
[BlackFideId "25071688"]
[WhiteElo "2740"]
[BlackElo "2219"]
[Result "1-0"]
[Round "07"]
[TimeControl "180+1"]
[Date "2021.05.25"]
[WhiteClock "0:00:31"]
[BlackClock "0:00:37"]

1. d4 Nf6 2. c4 e6 3. Nc3 Bb4 4. Nf3 O-O 5. Bg5 d6 6. e3 Nc6 7. Qc2 h6 8. Bh4 Bxc3+ 9. Qxc3 Qe7 10. Qc2 e5 11. d5 Nb8 12. Nd2 a5 13. f3 Nbd7 14. Be2 Nc5 15. O-O g5 16. Bf2 Kg7 17. Nb1 Nh7 18. Nc3 f5 19. f4 Nf6 20. Bf3 Bd7 21. Kh1 Rae8 22. Rad1 b6 23. b3 Bc8 24. a3 g4 25. Be2 Nfe4 26. Be1 exf4 27. exf4 Kh7 28. Nb5 Ba6 29. Nd4 a4 30. bxa4 Bc8 31. a5 h5 32. axb6 cxb6 33. Rb1 Qa7 34. Nb5 Bd7 35. Nxa7 1-0


[Site "https://www.chess.com"]

[Event "Titled Tuesday Blitz May 25 2021"]
[White "davigator"]
[Black "Matinian, Nikita"]
[BlackFideId "24129100"]
[WhiteElo "2441"]
[BlackElo "2410"]
[Result "1-0"]
[Round "07"]
[TimeControl "180+1"]
[Date "2021.05.25"]
[WhiteClock "0:00:56"]
[BlackClock "0:00:34"]

1. e4 c5 2. Nf3 d6 3. d4 cxd4 4. Nxd4 Nf6 5. Nc3 a6 6. Bg5 Nbd7 7. f3 g6 8. Qd2 Qc7 9. O-O-O b5 10. Bd3 Bb7 11. Kb1 b4 12. Nce2 Nc5 13. Qxb4 Bg7 14. Qd2 O-O 15. Bh6 Rab8 16. Bxg7 Kxg7 17. h4 h5 18. Nb3 Rfc8 19. Ka1 Nxb3+ 20. cxb3 d5 21. exd5 Nxd5 22. Rc1 Qe5 23. Be4 Rxc1+ 24. Rxc1 Nf6 25. Bxb7 Rxb7 26. Nc3 Qg3 27. Qe2 a5 28. Ne4 Qxh4 29. Nxf6 Qxf6 30. Qc4 Rd7 31. a3 Rd2 32. Rc2 Rd1+ 33. Ka2 h4 34. Qc3 Qxc3 35. bxc3 Kf6 36. c4 Ke6 37. b4 axb4 38. axb4 Kd6 39. Kb3 e5 40. Re2 f5 41. Ka4 g5 42. Kb5 g4 43. fxg4 fxg4 44. Kb6 Rd4 45. c5+ Kd5 46. b5 h3 47. gxh3 gxh3 48. c6 Kd6 49. Kb7 Rc4 50. b6 1-0


[Site "https://www.chess.com"]

[Event "Titled Tuesday Blitz May 25 2021"]
[White "elcandado"]
[Black "Vega Gutierrez, Sabrina"]
[BlackFideId "2219026"]
[WhiteElo "2632"]
[BlackElo "2281"]
[Result "1-0"]
[Round "07"]
[TimeControl "180+1"]
[Date "2021.05.25"]
[WhiteClock "0:00:07"]
[BlackClock "0:00:08"]

1. d4 d5 2. Bf4 Nf6 3. e3 e6 4. Nd2 Bd6 5. Bg3 O-O 6. Bd3 b6 7. e4 dxe4 8. Nxe4 Bb7 9. Qe2 Nxe4 10. Bxe4 Bxe4 11. Qxe4 Nd7 12. Nf3 Nf6 13. Qe2 c5 14. dxc5 Bxc5 15. O-O Rc8 16. c3 Nd5 17. Rad1 Qe7 18. Rd3 Qb7 19. Rfd1 Be7 20. h3 Rfd8 21. Ne5 Nf6 22. Bh4 h6 23. Bxf6 Bxf6 24. Rd7 Rxd7 25. Rxd7 Rc7 26. Rd1 Rc5 27. Nd7 Rd5 28. Nxf6+ gxf6 29. Qg4+ Kf8 30. Rxd5 Qxd5 31. Qf4 Qxa2 32. Qxh6+ Ke7 33. Qd2 a5 34. h4 a4 35. Qc1 Qc4 36. Qh6 Qe2 37. Qc1 Qg4 38. g3 f5 39. Qa1 b5 40. Qa3+ Kf6 41. Qb4 Qd1+ 42. Kh2 Kg6 43. Qf4 Qe2 44. Qg5+ Kh7 45. Kg1 Qxb2 46. Qf6 Kg8 47. h5 b4 48. Qg5+ Kh7 49. Qf6 Qxc3 50. Qxf7+ Kh6 51. Qg6# 1-0


[Site "https://www.chess.com"]

[Event "Titled Tuesday Blitz May 25 2021"]
[White "zmeeed67"]
[Black "Ibrahimli, Murad"]
[BlackFideId "13410229"]
[WhiteElo "2607"]
[BlackElo "2109"]
[Result "1-0"]
[Round "07"]
[TimeControl "180+1"]
[Date "2021.05.25"]
[WhiteClock "0:00:06"]
[BlackClock "0:00:07"]

1. d4 Nf6 2. c4 g6 3. Nc3 d5 4. Bf4 Bg7 5. e3 O-O 6. cxd5 Nxd5 7. Nxd5 Qxd5 8. Bxc7 Nc6 9. Ne2 Bg4 10. f3 Bxf3 11. gxf3 Qxf3 12. Rg1 Rac8 13. Bg2 Qh5 14. Bg3 e5 15. d5 Nb4 16. Rc1 Rxc1 17. Nxc1 Qg5 18. Qb3 Rc8 19. Ne2 Nc2+ 20. Kd2 Nd4 21. Nxd4 exd4 22. Bf4 dxe3+ 23. Qxe3 Qf6 24. Rb1 Qa6 25. Rc1 Qa5+ 26. Kd1 Rf8 27. Bh6 Bxh6 28. Qxh6 Qa4+ 29. Rc2 Qxa2 30. Qe3 Qb1+ 31. Kd2 Qa1 32. d6 Qa5+ 33. Qc3 Qg5+ 34. Kd1 Re8 35. Qf3 Rd8 36. Rd2 Qe5 37. d7 Qxh2 38. Qxb7 Qg1+ 39. Kc2 Qc5+ 40. Kb3 Qe3+ 41. Kc2 Qc5+ 42. Kb1 Qg1+ 43. Ka2 Qc5 44. Qd5 Qb6 45. Bf3 Qa6+ 46. Kb1 Qf1+ 47. Bd1 Qa6 48. Bb3 Qf6 49. Rd1 Kg7 50. Qd3 h5 51. Rf1 Rxd7 52. Rxf6 Rxd3 53. Rxf7+ Kh6 54. Bc2 Rg3 55. Rxa7 h4 56. Ra8 Kg7 57. Ra4 g5 58. Bf5 Kf6 59. Bc8 h3 60. Ra3 Rxa3 61. bxa3 h2 62. Bb7 Ke5 63. a4 g4 64. a5 Kf4 65. a6 Ke3 66. a7 Kf2 67. a8=Q g3 68. Bh1 g2 69. Qxg2+ Ke3 70. Qxh2 1-0


[Site "https://www.chess.com"]

[Event "Titled Tuesday Blitz May 25 2021"]
[White "Abdusattorov, Nodirbek"]
[Black "Shapkin, Anatoliy"]
[WhiteFideId "14204118"]
[BlackFideId "34108332"]
[WhiteElo "2662"]
[BlackElo "2223"]
[Result "1/2-1/2"]
[Round "08"]
[TimeControl "180+1"]
[Date "2021.05.25"]
[WhiteClock "0:00:05"]
[BlackClock "0:00:06"]

1. e4 e5 2. Nf3 Nc6 3. Bc4 Bc5 4. b4 Bb6 5. O-O Nf6 6. d3 d6 7. c3 O-O 8. Bg5 h6 9. Bh4 g5 10. Nxg5 hxg5 11. Bxg5 Kg7 12. Nd2 Rh8 13. Bb3 Be6 14. Nc4 Qd7 15. Nxb6 axb6 16. f4 Bxb3 17. Qxb3 Ng4 18. h3 f6 19. fxe5 dxe5 20. Bd2 Qxd3 21. Rad1 Qxe4 22. hxg4 Qxg4 23. Rf3 Rh5 24. Be1 Rg5 25. Rg3 Qf5 26. Rxg5+ fxg5 27. Bg3 Rf8 28. b5 Ne7 29. Re1 Ng6 30. Qc4 Rf7 31. a4 Nf4 32. Re3 Re7 33. Qf1 Rf7 34. Qc4 Re7 35. Qf1 Rf7 36. Qe1 Re7 37. c4 Kg6 38. Qc3 e4 39. Be1 Qe5 40. Qc2 Qd4 41. Bd2 Kf5 42. Qc3 Qxc3 43. Bxc3 Rd7 44. Kh2 Rd3 45. Rxd3 exd3 46. Bd2 Ne6 47. Kg3 Ke4 48. Kg4 Kd4 49. Kf5 Nc5 50. Bxg5 Ne4 51. Bf4 d2 52. Bxd2 Nxd2 53. g4 Ne4 54. Kf4 Nd6 55. g5 Kxc4 56. g6 Ne8 57. Ke5 Kb4 58. Ke6 Ng7+ 59. Kf6 Nh5+ 60. Kg5 Ng7 61. Kf6 Ne8+ 62. Ke7 Nd6 63. a5 Kxb5 64. axb6 Kxb6 65. Ke6 Ne8 66. Kf7 Nd6+ 67. Kf6 Ne8+ 68. Ke7 Ng7 69. Kf6 Nh5+ 70. Kg5 Ng7 71. Kf6 Ne8+ 72. Kf7 Nd6+ 73. Ke6 Ne8 74. Kf7 1/2-1/2


[Site "https://www.chess.com"]

[Event "Titled Tuesday Blitz May 25 2021"]
[White "AldokhinIvan"]
[Black "Wong, Yinn Long"]
[BlackFideId "5707684"]
[WhiteElo "2529"]
[BlackElo "2698"]
[Result "1-0"]
[Round "08"]
[TimeControl "180+1"]
[Date "2021.05.25"]
[WhiteClock "0:00:12"]
[BlackClock "0:01:35"]

1. e4 c5 2. Nf3 g6 3. d4 cxd4 4. Nxd4 Nc6 5. Nc3 Bg7 6. Be3 Nf6 7. Bc4 O-O 8. Bb3 a5 9. f3 d5 10. Bxd5 Nxd5 11. Nxd5 f5 12. Nxc6 bxc6 13. Nb6 Rb8 14. Qxd8 Rxd8 15. Rd1 Rxd1+ 16. Kxd1 fxe4 17. Nxc8 Rxc8 18. fxe4 Bxb2 19. Ke2 Be5 20. Bc5 Kf7 21. h3 Rb8 22. Ba3 Ke6 23. Rd1 Bd6 24. Bc1 Rb4 25. Kd3 Ra4 26. Bd2 Rxa2 27. Rb1 Ra3+ 28. c3 Ra2 29. Rb6 c5 30. Bf4 Rf2 31. Be3 Rxg2 32. Bxc5 Rg3+ 33. Kc4 Rxh3 34. Bd4 Kf7 35. e5 Ba3 36. e6+ Ke8 37. Rb8# 1-0


[Site "https://www.chess.com"]

[Event "Titled Tuesday Blitz May 25 2021"]
[White "Aliavdin, Nikolai"]
[Black "Turzo, Attila"]
[WhiteFideId "13502883"]
[BlackFideId "704954"]
[WhiteElo "2643"]
[BlackElo "2504"]
[Result "1-0"]
[Round "08"]
[TimeControl "180+1"]
[Date "2021.05.25"]
[WhiteClock "0:00:23"]
[BlackClock "0:00:17"]

1. e4 c6 2. d4 d5 3. exd5 cxd5 4. c4 Nf6 5. Nc3 Nc6 6. Bg5 Be6 7. Nge2 h6 8. Bxf6 exf6 9. Nf4 Bb4 10. Be2 O-O 11. O-O Ne7 12. a3 Bxc3 13. bxc3 dxc4 14. Nxe6 fxe6 15. Bxc4 Nd5 16. Qb3 Rf7 17. Rfe1 Nc7 18. Qxb7 Rb8 19. Qe4 Re7 20. Rab1 Kh8 21. Bd3 f5 22. Qe5 Rb6 23. Rxb6 axb6 24. Bxf5 Nd5 25. Bxe6 Nxc3 26. f4 b5 27. f5 Re8 28. d5 Na4 29. d6 Qb6+ 30. Kh1 Nc5 31. h3 Qc6 32. Re3 Nd3 33. Rxd3 Qc1+ 34. Kh2 Qc2 35. Rg3 1-0


[Site "https://www.chess.com"]

[Event "Titled Tuesday Blitz May 25 2021"]
[White "Ambartsumova, Karina"]
[Black "Nazaretyan, Tigran"]
[WhiteFideId "4166299"]
[BlackFideId "24162345"]
[WhiteElo "2518"]
[BlackElo "2670"]
[Result "1/2-1/2"]
[Round "08"]
[TimeControl "180+1"]
[Date "2021.05.25"]
[WhiteClock "0:00:08"]
[BlackClock "0:00:22"]

1. c4 Nf6 2. Nf3 g6 3. b3 Bg7 4. Bb2 O-O 5. g3 a5 6. Nc3 Na6 7. Bg2 Nc5 8. d4 Nce4 9. Nxe4 Nxe4 10. Qc2 d5 11. Nd2 Nxd2 12. Qxd2 dxc4 13. bxc4 c5 14. Rd1 cxd4 15. Bxd4 Be6 16. O-O Bxd4 17. Qxd4 Qc7 18. Rb1 Rab8 19. Rfc1 Rfd8 20. Qb6 Qxb6 21. Rxb6 Rdc8 22. c5 Bxa2 23. Rxb7 Rxb7 24. Bxb7 Rc7 25. c6 a4 26. Rc5 f5 27. Ra5 Bb3 28. f3 Kf7 29. Kf2 Ke6 30. Ke3 Kd6 31. Kd4 Bd1 32. e4 Bxf3 33. exf5 gxf5 34. Rxa4 Bxc6 35. Bxc6 Rxc6 36. Ke3 e5 37. Rh4 Rc3+ 38. Kd2 Rc7 39. Rh6+ Kd5 40. Rh4 Ra7 41. Kd3 Ra3+ 42. Kd2 Ra7 43. Kd3 e4+ 44. Ke3 Ra3+ 45. Ke2 Ra7 46. Rh6 Kd4 47. Rd6+ Ke5 48. Rh6 Ra2+ 49. Ke3 Ra3+ 50. Ke2 Kd4 51. Rd6+ Ke5 52. Rh6 Ra7 53. Ke3 Rd7 54. Ke2 Kd4 55. Rh5 Rf7 56. Rh6 Ke5 57. Ke3 Rc7 58. Ke2 Rd7 59. Ke3 Rd3+ 60. Ke2 Rd7 61. Ke3 Rg7 62. Ke2 Re7 63. Ke3 Rd7 64. Ke2 Kd4 65. Rh5 Ra7 66. Rxf5 Ra2+ 67. Kd1 Rxh2 68. Rf7 Kd3 69. Ke1 Ke3 70. Kf1 h5 71. Kg1 Ra2 72. Kf1 Ra1+ 73. Kg2 Ke2 74. Re7 e3 75. Re5 Kd2 76. Rxh5 e2 77. Rd5+ Ke1 78. g4 Ra2 79. g5 Rd2 80. Re5 Kd1 81. Kg3 e1=Q+ 82. Rxe1+ Kxe1 83. Kf4 Rf2+ 84. Ke5 Rg2 85. Kf6 Kd2 86. g6 Ke3 87. g7 Ke4 88. Kf7 Ke5 89. g8=Q Rxg8 90. Kxg8 1/2-1/2


[Site "https://www.chess.com"]

[Event "Titled Tuesday Blitz May 25 2021"]
[White "Andreikin, Dmitry"]
[Black "Dobrov, Vladimir"]
[WhiteFideId "4158814"]
[BlackFideId "4136594"]
[WhiteElo "2782"]
[BlackElo "2614"]
[Result "1/2-1/2"]
[Round "08"]
[TimeControl "180+1"]
[Date "2021.05.25"]
[WhiteClock "0:00:15"]
[BlackClock "0:00:28"]

1. e4 c5 2. Nc3 Nc6 3. Nge2 d6 4. d4 cxd4 5. Nxd4 e6 6. Be3 Nge7 7. Nb3 a6 8. f4 Ng6 9. Qh5 Be7 10. O-O-O O-O 11. g4 b5 12. g5 b4 13. Na4 Rb8 14. Rg1 Bd7 15. Bd3 Nce5 16. fxe5 Bxa4 17. exd6 Bxd6 18. e5 Bxe5 19. Nc5 Qe8 20. Rg4 Bc6 21. Rh4 h6 22. gxh6 Bf3 23. Qxf3 Nxh4 24. Qe4 Ng6 25. Rg1 f5 26. Qc4 Kh7 27. Nxe6 Rf6 28. Ng5+ Kh8 29. hxg7+ Kxg7 30. Nf3 Rc8 31. Qh4 Bxb2+ 32. Kxb2 Qxe3 33. Qh5 Qh6 1/2-1/2


[Site "https://www.chess.com"]

[Event "Titled Tuesday Blitz May 25 2021"]
[White "Aradhya, Garg"]
[Black "Budiarti, Farah Yumna"]
[WhiteFideId "25006746"]
[BlackFideId "7107331"]
[WhiteElo "2650"]
[BlackElo "2522"]
[Result "1-0"]
[Round "08"]
[TimeControl "180+1"]
[Date "2021.05.25"]
[WhiteClock "0:00:57"]
[BlackClock "0:00:07"]

1. d4 Nf6 2. c4 e6 3. Nc3 d5 4. Bg5 c6 5. e3 Nbd7 6. Nf3 Qa5 7. Nd2 Bb4 8. Qc2 Ne4 9. Ndxe4 dxe4 10. Bh4 e5 11. Be2 exd4 12. Qxe4+ Ne5 13. Qxd4 Bxc3+ 14. Qxc3 Qxc3+ 15. bxc3 Be6 16. c5 Nd7 17. O-O-O Nxc5 18. Kb2 f6 19. f3 Ke7 20. e4 a5 21. Bf2 Na4+ 22. Kc2 b5 23. a3 Rhd8 24. h4 Rdb8 25. Rb1 Ba2 26. Ra1 Be6 27. h5 c5 28. h6 g6 29. Rhb1 b4 30. axb4 axb4 31. cxb4 cxb4 32. Kd2 b3 33. Bd1 Rd8+ 34. Ke1 Nc3 35. Rxa8 Rxa8 36. Rxb3 Bxb3 37. Bc5+ Ke6 38. Bxb3+ Ke5 39. Kd2 Rc8 40. Bb4 Nb1+ 41. Ke3 Rb8 42. f4# 1-0


[Site "https://www.chess.com"]

[Event "Titled Tuesday Blitz May 25 2021"]
[White "Babiy, Olga"]
[Black "Alavkin, Arseny"]
[WhiteFideId "14117258"]
[BlackFideId "4120612"]
[WhiteElo "2213"]
[BlackElo "2414"]
[Result "1/2-1/2"]
[Round "08"]
[TimeControl "180+1"]
[Date "2021.05.25"]
[WhiteClock "0:00:10"]
[BlackClock "0:00:03"]

1. d4 Nf6 2. Nf3 g6 3. Nbd2 d5 4. e3 Bg7 5. b4 O-O 6. c4 c6 7. a4 h5 8. Bd3 a5 9. b5 Nbd7 10. Ba3 Re8 11. cxd5 cxd5 12. O-O Nb6 13. Rc1 Be6 14. h3 Rc8 15. Ne5 Nfd7 16. f4 Nxe5 17. fxe5 Rxc1 18. Bxc1 Nc4 19. Qe2 Nb6 20. Qd1 Qc7 21. Nf3 Bh6 22. Re1 Rc8 23. Ba3 Kf8 24. Bc5 Nd7 25. Qe2 Nxc5 26. Rc1 Qb6 27. dxc5 Rxc5 28. Rxc5 Qxc5 29. Nd4 Qc1+ 30. Kf2 Kg7 31. Qf3 Qd2+ 32. Be2 Bd7 33. Qg3 Kf8 34. e6 Bxe6 35. Nxe6+ fxe6 36. Qe5 Kf7 37. Kf3 Bg7 38. Qf4+ Bf6 39. Qh6 Qc2 40. Qf4 Qf5 41. g4 hxg4+ 42. hxg4 Qe5 43. Qh6 Bg7 44. Qh7 Qf6+ 45. Kg3 e5 46. Bf3 e6 47. Qh1 e4 48. Be2 Qe5+ 49. Kg2 Qg5 50. Qf1+ Ke7 51. Qc1 Be5 52. Qc5+ Bd6 53. Qb6 Qe5 54. Qxb7+ Kf6 55. Qb6 Qh2+ 56. Kf1 Bg3 57. Qd8+ Kg7 58. Qe7+ Kh6 59. Qf8+ Kh7 60. Qf7+ Kh8 61. Qf8+ Kh7 62. Qf7+ Kh8 63. Qf8+ Kh7 1/2-1/2


[Site "https://www.chess.com"]

[Event "Titled Tuesday Blitz May 25 2021"]
[White "Bok, Benjamin"]
[Black "Zakhartsov, Vladimir"]
[WhiteFideId "1017063"]
[BlackFideId "4145097"]
[WhiteElo "2674"]
[BlackElo "2462"]
[Result "1-0"]
[Round "08"]
[TimeControl "180+1"]
[Date "2021.05.25"]
[WhiteClock "0:00:11"]
[BlackClock "0:00:01"]

1. d4 Nf6 2. c4 g6 3. Nc3 d5 4. cxd5 Nxd5 5. e4 Nxc3 6. bxc3 Bg7 7. Nf3 c5 8. Be3 Qa5 9. Qd2 O-O 10. Rc1 Bg4 11. d5 Bxf3 12. gxf3 Nd7 13. h4 h5 14. Be2 b5 15. f4 b4 16. cxb4 cxb4 17. Kf1 Bc3 18. Qd1 Qxa2 19. Rg1 Nf6 20. f5 Kh7 21. Bd3 Rg8 22. Rg5 Ng4 23. Rxg4 hxg4 24. Qxg4 Be5 25. f4 Qb3 26. Ke2 Bf6 27. e5 Qxd5 28. exf6 exf6 29. fxg6+ fxg6 30. Rc7+ Kh8 31. Bxg6 Qa2+ 32. Kf3 Qd5+ 33. Kf2 Rg7 34. Rxg7 Qa2+ 35. Kg3 1-0


[Site "https://www.chess.com"]

[Event "Titled Tuesday Blitz May 25 2021"]
[White "Bortnyk, Olexandr"]
[Black "Rustemov, Alexander"]
[WhiteFideId "14120828"]
[BlackFideId "4119002"]
[WhiteElo "2723"]
[BlackElo "2707"]
[Result "0-1"]
[Round "08"]
[TimeControl "180+1"]
[Date "2021.05.25"]
[WhiteClock "0:00:05"]
[BlackClock "0:00:17"]

1. d4 d5 2. Bf4 Nf6 3. e3 e6 4. Nf3 Bd6 5. Ne5 O-O 6. Nd2 b6 7. c3 c5 8. Bd3 Ba6 9. Bc2 Qc7 10. Qf3 Nbd7 11. Qg3 Nh5 12. Bxh7+ Kxh7 13. Qh3 g6 14. g4 Nxe5 15. dxe5 Bxe5 16. gxh5 g5 17. Bxg5 d4 18. c4 Bb7 19. Rg1 Rg8 20. O-O-O dxe3 21. Bxe3 Bd4 22. Bxd4 cxd4 23. Qd3+ f5 24. Rxg8 Rxg8 25. Qxd4 Rg4 26. Qf6 Qg7 27. Qxe6 Rf4 28. Qg6+ Qxg6 29. hxg6+ Kxg6 30. f3 Rh4 31. Rg1+ Kf6 32. Rg2 Rh3 33. Rf2 Ke5 34. f4+ Kd4 35. b3 Ke3 36. Rf1 Rxh2 37. Re1+ Kd3 38. Rd1 Rf2 39. Nb1+ Ke3 40. Rd7 Be4 41. Nd2 Rxf4 42. Nxe4 fxe4 43. Rxa7 Kf2 44. Re7 e3 45. Kd1 Rd4+ 46. Kc2 Rd2+ 47. Kc3 Rxa2 48. Rf7+ Ke1 49. Kb4 e2 50. Kb5 Rb2 51. b4 Kd2 52. Rd7+ Kc3 53. Re7 Kd2 54. Kxb6 Rxb4+ 55. Kc5 Rb3 56. Rxe2+ Kxe2 57. Kd6 Rd3+ 58. Kc6 Ke3 59. c5 Ke4 60. Kb7 Ke5 61. c6 Kd6 62. c7 Rb3+ 0-1


[Site "https://www.chess.com"]

[Event "Titled Tuesday Blitz May 25 2021"]
[White "Cardoso Cardoso, Jose Gabriel"]
[Black "Martinez Alcantara, Jose Eduardo"]
[WhiteFideId "4430492"]
[BlackFideId "3805662"]
[WhiteElo "2343"]
[BlackElo "2690"]
[Result "0-1"]
[Round "08"]
[TimeControl "180+1"]
[Date "2021.05.25"]
[WhiteClock "0:00:03"]
[BlackClock "0:00:04"]

1. e4 e5 2. Nf3 Nc6 3. Bc4 Bc5 4. c3 Nf6 5. d4 exd4 6. cxd4 Bb4+ 7. Bd2 Bxd2+ 8. Nbxd2 d5 9. exd5 Nxd5 10. Qb3 Nce7 11. O-O O-O 12. Ne4 c6 13. Nc3 Nb6 14. Be2 Be6 15. Qc2 h6 16. Rad1 Ned5 17. Ne5 f6 18. Ng6 Re8 19. a3 Bf7 20. Bd3 Qd6 21. Ne4 Qc7 22. Nc5 Nd7 23. g3 Nxc5 24. dxc5 a5 25. Rfe1 Rad8 26. Nh4 Rxe1+ 27. Rxe1 Re8 28. Rxe8+ Bxe8 29. Nf5 Qe5 30. Nd6 b5 31. Qe2 Qxe2 32. Bxe2 Kf8 33. Bf3 Ne7 34. Kf1 g5 35. Ke2 Bg6 36. Nb7 a4 37. Nd8 Be8 38. Nb7 Bd7 39. Ke3 Ng6 40. Be2 Ke7 41. f4 Nf8 42. Bf3 Ne6 43. Be4 Be8 44. f5 Ng7 45. g4 Kd7 46. Nd6 Kc7 47. h3 h5 48. Kd4 h4 49. Kc3 Bd7 50. Bc2 Kd8 51. b3 axb3 52. Bxb3 Ke7 53. Kb4 Kd8 54. Ka5 Kc7 55. Ka6 Be8 56. Ka5 Bd7 57. Kb4 Ne8 58. Nxe8+ Bxe8 59. Be6 Kb7 60. a4 bxa4 61. Kxa4 Ka7 62. Ka5 Kb7 63. Bc4 Bd7 64. Ba6+ Kc7 65. Bc4 Bc8 66. Bd3 Kb7 67. Bc4 Ka7 68. Bd3 Bb7 69. Bc4 Bc8 70. Be6 Ba6 71. Bd7 Bb5 72. Be8 Kb7 73. Bf7 Bf1 0-1


[Site "https://www.chess.com"]

[Event "Titled Tuesday Blitz May 25 2021"]
[White "Costachi, Mihnea"]
[Black "Ozkan, Ervin"]
[WhiteFideId "1217518"]
[BlackFideId "6306004"]
[WhiteElo "2742"]
[BlackElo "2567"]
[Result "1-0"]
[Round "08"]
[TimeControl "180+1"]
[Date "2021.05.25"]
[WhiteClock "0:01:23"]
[BlackClock "0:00:01"]

1. d4 Nf6 2. c4 g6 3. Nc3 d5 4. Nf3 Bg7 5. h4 h5 6. Bf4 O-O 7. e3 c5 8. Be2 cxd4 9. Nxd4 dxc4 10. Bxc4 Nbd7 11. Ndb5 a6 12. Bc7 Qe8 13. Nd4 b5 14. Bb3 Bb7 15. O-O Nc5 16. Bc2 e5 17. Nf3 Ng4 18. Qe2 b4 19. Bd6 bxc3 20. Bxc5 cxb2 21. Rab1 Qd8 22. Bxf8 Bxf8 23. Rxb2 Bxf3 24. gxf3 Nh6 25. Qc4 Rc8 26. Qe4 Nf5 27. Bb3 Nxh4 28. Kh2 Bg7 29. Rg1 Qf6 30. Rg3 Nf5 31. Rg1 Nd6 32. Qd5 Qh4+ 33. Kg2 e4 34. Rd2 Qg5+ 35. Qxg5 1-0


[Site "https://www.chess.com"]

[Event "Titled Tuesday Blitz May 25 2021"]
[White "Demin, Vladimir"]
[Black "Urazayev, Arystanbek"]
[WhiteFideId "4167457"]
[BlackFideId "13709810"]
[WhiteElo "2573"]
[BlackElo "2733"]
[Result "0-1"]
[Round "08"]
[TimeControl "180+1"]
[Date "2021.05.25"]
[WhiteClock "0:00:30"]
[BlackClock "0:00:13"]

1. e4 c5 2. Nf3 e6 3. c3 d5 4. exd5 exd5 5. d4 Nf6 6. Be2 Nc6 7. O-O Be7 8. dxc5 Bxc5 9. Nbd2 O-O 10. Nb3 Bb6 11. Bg5 h6 12. Bh4 g5 13. Bg3 Ne4 14. Nbd4 f5 15. Nxc6 bxc6 16. Be5 Qe7 17. Bd4 c5 18. Be3 Bb7 19. b4 Nxc3 20. Qc2 Nxe2+ 21. Qxe2 cxb4 22. Qd3 Qe4 23. Qb3 Qc4 24. Bxb6 Qxb3 25. axb3 axb6 26. Rad1 Ra3 27. Nd4 Re8 28. Rfe1 Rxe1+ 29. Rxe1 f4 30. h4 gxh4 31. Re8+ Kf7 32. Rb8 Ra7 33. Kh2 Kf6 34. Nb5 Ra5 35. Nd4 Ra7 36. Nb5 Ra5 37. Nd4 Ba8 38. Rxb6+ Ke5 39. Nf3+ Ke4 40. Rxb4+ Kd3 41. Rxf4 Rb5 42. b4 Kc3 43. Rxh4 Rxb4 44. Rxh6 d4 45. Rh8 Bxf3 46. gxf3 d3 47. Rc8+ Rc4 48. Rd8 d2 49. Rxd2 Kxd2 50. Kg3 Kd3 51. f4 Ke4 52. Kg4 Rc1 53. f3+ Kd5 54. Kg5 Ke6 0-1


[Site "https://www.chess.com"]